 Dungeon Crawl Stone Soup version 0.23.2-30-g0e89c35649 (webtiles) character file.

Game seed: 16570644063303256479

81 manyhoops the Magician (level 4, -1/34 HPs)
             Began as a Gnoll Wanderer on June 22, 2019.
             Slain by an orc wizard
             ... wielding a +0 dagger
              (2 damage)
             ... on level 2 of the Dungeon.
             The game lasted 00:02:39 (1706 turns).

manyhoops the Magician (Gnoll Wanderer)             Turns: 1706, Time: 00:02:40

Health: -1/34      AC:  3    Str: 14 (16) XL:     4   Next: 40%
Magic:  3/13       EV: 11    Int: 11 (13) God:
Gold:   104        SH:  4    Dex: 13 (15) Spells: 16/17 levels left

rFire    . . .     SeeInvis .   c - +0 mace
rCold    . . .     Gourm    .   b - +0 buckler
rNeg     . . .     Faith    .   d - +0 leather armour
rPois    .         Spirit   .   (no helmet)
rElec    .         Reflect  .   (no cloak)
rCorr    .         Harm     .   (no gloves)
MR       .....                  (no boots)
Stlth    ++........             (no amulet)
HPRegen  0.11/turn              (no ring)
MPRegen  0.13/turn              (no ring)

@: hasted, very quick
A: distributed training, fangs 1, strong nose
a: no special abilities


You were on level 2 of the Dungeon.
You were not hungry.

You visited 1 branch of the dungeon, and saw 2 of its levels.

You collected 104 gold pieces.

Inventory:

Hand Weapons
 c - a +0 mace (weapon)
Armour
 b - a +0 buckler (worn)
 d - a +0 leather armour (worn)
Scrolls
 e - a scroll of fog {unknown}
 g - a scroll of teleportation {unknown}
 i - a scroll of noise {unknown}
 j - a scroll of magic mapping {unknown}
Comestibles
 f - 7 rations
 k - a chunk of flesh


   Skills:
 + Level 2.7 Fighting
 + Level 1.1 Short Blades
 + Level 1.1 Long Blades
 + Level 1.1 Axes
 + Level 1.1 Maces & Flails
 + Level 1.1 Polearms
 + Level 1.1 Staves
 + Level 1.1 Slings
 + Level 1.1 Bows
 + Level 1.1 Crossbows
 + Level 1.1 Throwing
 + Level 1.1 Armour
 + Level 1.1 Dodging
 + Level 4.2 Stealth
 + Level 2.7 Shields
 + Level 1.1 Unarmed Combat
 + Level 7.2 Spellcasting
 + Level 0.8 Conjurations
 + Level 0.8 Hexes
 + Level 0.8 Charms
 + Level 0.8 Summonings
 + Level 0.8 Necromancy
 + Level 0.8 Translocations
 + Level 0.8 Transmutations
 + Level 0.8 Fire Magic
 + Level 3.8 Ice Magic
 + Level 0.8 Air Magic
 + Level 0.8 Earth Magic
 + Level 0.8 Poison Magic
 + Level 1.2 Invocations
 + Level 2.7 Evocations


You had 16 spell levels left.
You knew the following spells:

 Your Spells              Type           Power        Failure   Level  Hunger
a - Magic Dart            Conj           #...         17%         1    None

Your spell library contained the following spells:

 Spells                   Type           Power        Failure   Level  Hunger
 Blink                    Tloc           N/A          26%         2    ##.....
 Call Imp                 Summ           #.......     26%         2    ##.....
 Slow                     Hex            #.......     26%         2    ##.....
 Conjure Flame            Conj/Fire      #.......     45%         3    ###....
 Mephitic Cloud           Conj/Pois/Air  #.......     45%         3    ###....


Dungeon Overview and Level Annotations

Branches:
Dungeon (2/15)

Altars:
Gozag
Nemelex Xobeh
Zin


Innate Abilities, Weirdness & Mutations

Your experience applies equally to all skills.
You have very sharp teeth.
Your uncanny sense of smell can sniff out nearby items.


Message History

The orc wizard is severely wounded.
You block the orc wizard's attack.
Casting: Magic Dart (safe; 17% risk of failure)
Confirm with . or Enter, or press ? or * to list all spells.
Aiming: Magic Dart (safe; 17% risk of failure)
Press: ? - help, Shift-Dir - straight line, f/p - orc wizard
Aim: an orc wizard, wielding a +0 dagger and wearing a +0 robe (severely wounded, fast)
The magic dart hits the orc wizard but does no damage.
The orc wizard is severely wounded.
The orc wizard hits you with a +0 dagger.
* * * LOW HITPOINT WARNING * * *
Casting: Magic Dart (safe; 17% risk of failure)
Confirm with . or Enter, or press ? or * to list all spells.
Aiming: Magic Dart (safe; 17% risk of failure)
Press: ? - help, Shift-Dir - straight line, f/p - orc wizard
Aim: an orc wizard, wielding a +0 dagger and wearing a +0 robe (severely wounded, fast)
The magic dart hits the orc wizard but does no damage.
The orc wizard is severely wounded.
The orc wizard hits you with a +0 dagger.
You die...

....###.###.# #.# .....##.###.#
#.# ..........#.# ##.##
.....##.#.#.# #...#
....###.#.#.#### #...#######
.######........## #.........#
...((...........#####.........#
(....##.....##..#.............##.
................@oS.............
.....#.......#..#.............#
.....###......<.###.#.........#
####.........)..# #.#....>....#
#######..[...# #.#...#.#####
###(##### #.#...#.#
#...#######.##.##.# ######
#.###..{..........# .....# #.#
#o#####o##..###


You could see an orc wizard and a ball python.

Vanquished Creatures
  An orc wizard (D:2)
  An ooze (D:2)
  2 worms (D:2)
  2 dart slugs (D:1)
  4 leopard geckos (D:1)
  An orc (D:2)
  2 ball pythons (D:1)
  2 bats
  A giant cockroach (D:2)
  3 goblins (D:1)
  4 hobgoblins (D:1)
  A frilled lizard (D:2)
  4 kobolds
  6 rats
34 creatures vanquished.

Notes
Turn   | Place    | Note
-------+----------+-------------------------------------------
     0 | D:1      | manyhoops the Gnoll Wanderer began the quest for the Orb.
     0 | D:1      | manyhoops set off with the following items: a +0 dagger, a
                  | +0 buckler, a +0 robe, a ration; and the following spell
                  | memorised: Magic Dart; and the following spells available
                  | to memorise: Blink, Call Imp, Slow, Conjure Flame, Mephitic
                  | Cloud
     0 | D:1      | Reached XP level 1. HP: 17/17 MP: 8/8
   380 | D:1      | Reached XP level 2. HP: 23/23 MP: 5/10
   821 | D:1      | Reached XP level 3. HP: 15/28 MP: 11/11
  1145 | D:2      | Found an opulent altar of Gozag.
  1145 | D:2      | Found a glowing silver altar of Zin.
  1288 | D:2      | Reached skill level 1 in Invocations
  1346 | D:2      | Found a sparkling altar of Nemelex Xobeh.
  1518 | D:2      | Reached skill level 1 in Short Blades
  1518 | D:2      | Reached skill level 1 in Long Blades
  1518 | D:2      | Reached skill level 1 in Axes
  1518 | D:2      | Reached skill level 1 in Maces & Flails
  1518 | D:2      | Reached skill level 1 in Polearms
  1518 | D:2      | Reached skill level 1 in Staves
  1518 | D:2      | Reached skill level 1 in Slings
  1518 | D:2      | Reached skill level 1 in Bows
  1518 | D:2      | Reached skill level 1 in Crossbows
  1518 | D:2      | Reached skill level 1 in Throwing
  1518 | D:2      | Reached skill level 1 in Armour
  1518 | D:2      | Reached skill level 1 in Dodging
  1518 | D:2      | Reached skill level 1 in Unarmed Combat
  1553 | D:2      | Noticed an orc warrior
  1655 | D:2      | Reached XP level 4. HP: 15/34 MP: 8/13
  1705 | D:2      | HP: 1/34 [orc wizard/+0 dagger (1)]
  1706 | D:2      | Slain by an orc wizard

Skill      XL: |  1  2  3 |
---------------+----------+-----
Invocations    | 1 |  1.2
Short Blades   | 1 |  1.1
Long Blades    | 1 |  1.1
Axes           | 1 |  1.1
Maces & Flails | 1 |  1.1
Polearms       | 1 |  1.1
Staves         | 1 |  1.1
Slings         | 1 |  1.1
Bows           | 1 |  1.1
Crossbows      | 1 |  1.1
Throwing       | 1 |  1.1
Armour         | 1 |  1.1
Dodging        | 1 |  1.1
Unarmed Combat | 1 |  1.1
Fighting       | |  2.7
Stealth        | |  4.2
Shields        | |  2.7
Spellcasting   | |  7.2
Conjurations   | |  0.8
Hexes          | |  0.8
Charms         | |  0.8
Summonings     | |  0.8
Necromancy     | |  0.8
Translocations | |  0.8
Transmutations | |  0.8
Fire Magic     | |  0.8
Ice Magic      | |  3.8
Air Magic      | |  0.8
Earth Magic    | |  0.8
Poison Magic   | |  0.8
Evocations     | |  2.7

Action                   |  1- 3 |  4- 6 || total
-------------------------+-------+-------++-------
Melee: Dagger            |    20 |       ||    20
       Bite              |    13 |       ||    13
       Mace              |    81 |       ||    81
 Cast: Magic Dart        |    28 |    12 ||    40
  Use: Potion            |       |     2 ||     2
 Stab: Sleeping          |     8 |       ||     8
  Eat: Chunk             |     1 |     2 ||     3
Armor: Leather armour    |    28 |       ||    28
Dodge: Dodged            |    55 |       ||    55
Block: Buckler           |    19 |     2 ||    21
